 Dungeon Crawl Stone Soup version 0.17-a0-227-gf5308cc (webtiles) character file.

59577 Ngotmuk the Fighter (level 14, -2/129 HPs)
             Began as a Minotaur Fighter on Mar 30, 2015.
             Was a High Priest of Okawaru.
             Killed by divine providence
             ... invoked by an orc high priest
              (13 damage)
             ... on level 4 of the Orcish Mines.
             The game lasted 01:00:37 (19244 turns).

Ngotmuk the Fighter (Minotaur Fighter)             Turns: 19244, Time: 01:00:38

Health: -2/129     AC: 23    Str: 26      XL:     14   Next: 53%
Magic:  22/22      EV: 15    Int:  2 (5)  God:    Okawaru [*****.]
Gold:   2417       SH: 23    Dex: 14      Spells: 0 memorised, 13 levels left

rFire  + + .     SeeInvis .     b - +11 hammer of Xom's Scorn {freeze, rF+ rC++ Dex-4}
rCold  + + .     Clarity  +     w - +2 plate armour {rF+}
rNeg   + + .     SustAb   .     A - +1 large shield {rN+}
rPois  +         Gourm    .     y - +0 hat
rElec  .         Spirit   .     i - +0 cloak
rCorr  .         Warding  .     (no gloves)
rMut   .         Stasis   .     I - +0 pair of boots of Haughopt {+Inv Dex+4}
MR     +....                    (no amulet)
Stlth  ..........               s - ring of poison resistance
                                k - ring of positive energy

@: heroism, drained, somewhat resistant to hostile enchantments, extremely
unstealthy
A: retaliatory headbutt, horns 2, talons 1, icy blue scales 1, iridescent scales
1, agile 2, blurry vision 1, clarity, deformed body, deterioration 2,
regeneration 1
a: Heroism, Finesse, Renounce Religion, Evoke Invisibility


You were on level 4 of the Orcish Mines.
You worshipped Okawaru.
Okawaru was extremely pleased with you.
You were full.

You visited 3 branches of the dungeon, and saw 20 of its levels.
You also visited: Ossuary and Bailey.

You collected 2417 gold pieces.

Inventory:

Hand weapons
 b - the +11 hammer of Xom's Scorn (weapon) {freeze, rF+ rC++ Dex-4}
   (You took it off a centaur on level 6 of the Dungeon)

   It has been specially enchanted to freeze those struck by it, causing extra
   injury to most foes and up to half again as much damage against particularly
   susceptible opponents.
   It can also slow down cold-blooded creatures.
   It affects your dexterity (-4).
   It protects you from fire.
   It greatly protects you from cold.
Armour
 i - a +0 cloak (worn)
 w - a +2 plate armour of fire resistance (worn)
 y - a +0 hat (worn)
 A - a +1 large shield of positive energy (worn)
 I - the +0 pair of boots of Haughopt (worn) {+Inv Dex+4}
   (Okawaru gifted it to you on level 13 of the Dungeon)

   It affects your dexterity (+4).
   It lets you turn invisible.
Jewellery
 k - a ring of positive energy (left hand)
 s - a ring of poison resistance (right hand)
Scrolls
 h - 10 scrolls of identify
 j - 4 scrolls of remove curse
 n - 2 scrolls of magic mapping
 o - 2 scrolls of fog
 p - 2 scrolls of blinking
 t - a scroll of summoning
 v - 2 scrolls of immolation
 x - 5 scrolls of teleportation
 B - 2 scrolls of enchant weapon
 C - 8 scrolls of enchant armour
 D - a scroll of vulnerability
 E - 2 scrolls of fear
 H - a scroll of holy word
Potions
 a - 2 potions of resistance
 c - a potion of agility {unknown}
 d - a potion of cancellation
 e - 4 potions of might
 f - 2 potions of invisibility
 g - 2 potions of heal wounds
 m - a potion of magic
 q - 6 potions of curing
 r - 5 potions of restore abilities
 z - 2 potions of beneficial mutation {unknown}
 G - a potion of lignification
Comestibles
 l - 11 meat rations


   Skills:
 + Level 13.4(18.3) Fighting
 + Level 13.0(17.9) Maces & Flails
 + Level 13.3(18.2) Armour
 + Level 11.9(16.8) Dodging
 + Level 13.1(18.0) Shields
 + Level 8.9(8.8) Invocations


You had 13 spell levels left.
You didn't know any spells.

Dungeon Overview and Level Annotations

Branches:
Dungeon (15/15)            Temple (1/1) D:6            Lair (0/8) D:9
    Orc (4/4) D:9             Elf (0/3) Orc:4        Vaults (0/5) D:14
 Depths (0/5) D:15

Altars:
Ashenzari
Cheibriados
Dithmenos
Elyvilon
Fedhas
Gozag
Kikubaaqudgha
Makhleb
Nemelex Xobeh
Okawaru
Qazlal
Ru
Sif Muna
Trog
Vehumet
Xom
Yredelemnul
Zin
The Shining One
Beogh

Shops:
D:6 *   D:7 *   D:12 (   D:15 *[


Innate Abilities, Weirdness & Mutations

You reflexively headbutt those who attack you in melee.
You have a pair of horns on your head.
You have sharp toenails.
You are partially covered in icy blue scales (AC +1).
You are partially covered in iridescent scales (AC +4).
You are very agile. (Dex +4)
Scrolls take you a little longer to read.
You possess an exceptional clarity of mind.
Armour fits poorly on your strangely shaped body.
Your body is deteriorating.
Your natural rate of healing is unusually fast.


Message History

You hit the soul eater but do no damage.
You headbutt the soul eater.
The soul eater is severely wounded.
You barely miss the soul eater.
The soul eater is severely wounded.
The soul eater hits you.
* * * LOW HITPOINT WARNING * * *
You completely miss the soul eater.
The soul eater is severely wounded.
The soul eater hits you.
* * * LOW HITPOINT WARNING * * *
You hit the orc priest! You freeze the orc priest.
You kill the orc priest!
Okawaru accepts your kill. The orc high priest barely misses you.
You furiously retaliate!
You headbutt the orc high priest. You block the sixfirhy's attack. x3
The orc high priest mumbles some strange prayers to Beogh against you.
Something smites you!
You die...

### # ##.## ## # #...# ##.## #
####.## #...# # ##.##..####...##
# #......3#.##<..# #
##.##4.o.@....## ### #
##)......#....## ##.## #
#######......##......# #...# #
##4o#.##......###.....####..## #
#44.o)....##...#........##...###
#..ooo#..####.........†...#....÷)
#..{{.#### #............#.#.....
#8..38# #....................
#...o4# #.........#....#.....


You could see a soul eater, an orc high priest and a sixfirhy.

Vanquished Creatures
  2 orc warlords
  Gastronok (D:9)
  4 vault guards
  Fannar (D:10)
  2 fire dragons (D:15)
  3 hydras
  Harold (D:11)
  Nessos (D:13)
  3 centaur warriors
  3 tengu warriors
  Urug (D:12)
  An orc high priest (Orc:2)
  Nergalle (D:14)
  A deep elf knight (Orc:4)
  4 unseen horrors
  5 orc knights
  A wizard (D:15)
  6 hill giants
  4 cyclopes
  A manticore (D:15)
  6 orc sorcerers
  The ghost of Pr0man the Protected, an experienced VSMo of Okawaru (Bailey)
  12 ugly things
  A griffon (D:13)
  Joseph (D:10)
  The ghost of Pikaro the Quickloader, an experienced CeHu (D:4)
  2 gargoyles
  5 centaur skeletons
  3 komodo dragons
  4 kobold demonologists
  An efreet (D:14)
  A tengu conjurer (D:15)
  A freezing wraith (D:13)
  3 trolls
  3 two-headed ogres
  A slime creature (D:14)
  A hornet zombie (D:14)
  7 ravens
  A basilisk (D:15)
  A trapdoor spider (D:15)
  Eustachio (Orc:1)
  The ghost of braks the Digger, an average DrEE (Ossuary)
  2 deep elf magi (D:14)
  3 hippogriffs
  A human (shapeshifter) (D:14)
  2 hungry ghosts
  A steam dragon (D:14)
  13 yaks
  A deep elf fighter (D:9)
  A wraith (D:13)
  2 vampire mosquitoes (D:14)
  Edmund (D:7)
  Menkaure (D:6)
  A mottled dragon (D:14)
  2 water moccasins
  A warg (Orc:4)
  43 orc warriors
  4 sky beasts
  2 wasps
  11 ogres
  2 phantoms
  3 eyes of draining
  5 ice beasts
  A black bear (D:3)
  22 centaurs
  A necrophage (D:11)
  Duvessa (Orc:1)
  A crocodile (D:15)
  3 big kobolds
  13 giant frogs
  A brain worm (D:14)
  A gnoll sergeant (D:12)
  2 wyvern zombies
  2 water moccasin zombies (D:6)
  A wyvern skeleton (D:14)
  A water moccasin skeleton (D:11)
  8 scorpions
  9 wights
  Dowan (Orc:1)
  5 centaur zombies
  2 goliath beetles (D:9)
  3 giant frog skeletons
  3 giant frog zombies
  A human zombie (Ossuary)
  4 jellies
  Crazy Yiuf (D:6)
  8 crimson imps
  2 quasits
  9 hounds
  21 orc priests
  29 orc wizards
  7 iguanas
  9 worker ants
  A hound zombie (D:11)
  2 hound skeletons
  6 mummies
  Robin (D:3)
  23 gnolls
  2 river rats
  A worker ant zombie (D:6)
  13 adders
  3 giant mites
  4 shadow imps
  3 worms
  3 adder zombies (D:6)
  2 adder skeletons
  5 giant geckos
  2 oozes (D:3)
  180 orcs
  17 bats
  A bat zombie (D:6)
  4 giant cockroaches
  46 goblins
  34 hobgoblins
  11 jackals
  3 quokkas
  2 giant gecko zombies (D:6)
  7 giant newts
  3 goblin zombies (Ossuary)
  2 hobgoblin zombies (Ossuary)
  A jackal zombie (Ossuary)
  23 kobolds
  3 kobold zombies (Ossuary)
  2 orc zombies (Ossuary)
  A quokka skeleton (D:5)
  2 quokka zombies
  17 rats
  2 spectral orcs (D:14)
  8 ballistomycetes
818 creatures vanquished.

Vanquished Creatures (others)
  A sky beast (D:14)
  A centaur (D:14)
  An orc wizard (Orc:4)
  2 orcs (Orc:2)
  A goblin (Orc:2)
  2 giant spores
  2 fungi (D:9)
10 creatures vanquished.

Grand Total: 828 creatures vanquished

Notes
Turn   | Place    | Note
--------------------------------------------------------------
     0 | D:1      | Ngotmuk, the Minotaur Fighter, began the quest for the Orb.
     0 | D:1      | Reached XP level 1. HP: 19/19 MP: 1/1
   157 | D:1      | Reached XP level 2. HP: 25/27 MP: 1/1
   677 | D:2      | Reached skill level 1 in Dodging
   719 | D:2      | Reached skill level 4 in Fighting
   751 | D:2      | Found a blossoming altar of Fedhas.
   760 | D:2      | Reached XP level 3. HP: 31/33 MP: 2/2
  1002 | D:2      | Reached XP level 4. HP: 24/40 MP: 2/2
  1373 | D:3      | Noticed a black bear
  1387 | D:3      | Killed a black bear
  1387 | D:3      | Reached XP level 5. HP: 14/47 MP: 2/2
  1640 | D:3      | Noticed Robin
  1662 | D:3      | Reached skill level 5 in Armour
  1664 | D:3      | Killed Robin
  1739 | D:3      | Reached XP level 6. HP: 25/55 MP: 3/3
  2089 | D:3      | Reached skill level 5 in Fighting
  2426 | D:4      | Reached skill level 5 in Shields
  2761 | D:4      | Reached XP level 7. HP: 41/61 MP: 3/3
  2928 | D:4      | Noticed Pikaro's ghost (experienced CeHu)
  2962 | D:5      | Entered Level 5 of the Dungeon
  3229 | D:5      | Reached skill level 5 in Maces & Flails
  3300 | D:5      | Reached skill level 6 in Armour
  3302 | D:5      | HP: 2/62 [something/magic dart (7)]
  3307 | D:5      | HP: 2/62 [rat (1)]
  3911 | D:5      | Reached XP level 8. HP: 28/70 MP: 3/3
  4366 | D:4      | Killed Pikaro's ghost
  4425 | D:4      | Reached skill level 5 in Dodging
  4535 | D:6      | Noticed Menkaure
  4552 | D:6      | Killed Menkaure
  4552 | D:6      | Reached skill level 7 in Fighting
  4694 | D:6      | Found a staircase to the Ecumenical Temple.
  4701 | Temple   | Entered the Ecumenical Temple
  4768 | Temple   | Became a worshipper of Warmaster Okawaru
  4795 | D:6      | Got an uncursed faintly glowing hammer {freeze}
  4877 | D:6      | Found Iilogeoh's Incredible Inventory.
  4900 | D:6      | Identified the +11 hammer of Xom's Scorn {freeze, rF+ rC++ Dex-4} (You took it off a centaur on level 6 of the Dungeon)
  4991 | D:6      | Noticed Crazy Yiuf
  4995 | D:6      | Killed Crazy Yiuf
  5170 | D:6      | Found a sand-covered staircase.
  5175 | D:6      | Reached XP level 9. HP: 79/79 MP: 4/4
  5180 | Ossuary  | Entered an ossuary
  5187 | Ossuary  | Noticed braks' ghost (average DrEE)
  5202 | Ossuary  | Killed braks' ghost
  5202 | Ossuary  | Acquired Okawaru's first power
  5816 | D:7      | Noticed Edmund
  5823 | D:7      | Killed Edmund
  5823 | D:7      | Reached skill level 8 in Armour
  5857 | D:7      | Gained mutation: You are dopey. (Int -2) [mutagenic meat]
  5858 | D:7      | Lost mutation: You are dopey. (Int -2) [mutagenic meat]
  6087 | D:7      | Found Zin's Purification Station.
  6090 | D:7      | Found a glowing silver altar of Zin.
  6568 | D:8      | Gained mutation: You are frail (-10% HP). [mutagenic meat]
  6569 | D:8      | Gained mutation: Your flesh is heat resistant. [mutagenic meat]
  6570 | D:8      | Gained mutation: You are resistant to hostile enchantments. [mutagenic meat]
  6967 | D:8      | Reached XP level 10. HP: 78/80 MP: 4/4
  7215 | D:9      | Noticed Gastronok
  7231 | D:9      | Killed Gastronok
  7231 | D:9      | Reached skill level 9 in Armour
  7231 | D:9      | Reached skill level 1 in Invocations
  7254 | D:10     | Entered Level 10 of the Dungeon
  7626 | D:9      | Found a staircase to the Lair.
  7748 | D:9      | Found a staircase to the Orcish Mines.
  8695 | D:10     | Killed an unseen horror
  8721 | D:10     | Noticed Fannar
  8775 | D:10     | Killed Fannar
  8775 | D:10     | Reached XP level 11. HP: 44/87 MP: 9/10
  8931 | D:10     | Noticed Joseph
  8947 | D:10     | Killed Joseph
  8954 | D:10     | Noticed a hill giant
  8968 | D:10     | Killed a hill giant
  8968 | D:10     | Acquired Okawaru's second power
  9149 | D:10     | Reached skill level 10 in Armour
  9702 | D:11     | Noticed an ice devil
  9713 | D:11     | Reached skill level 10 in Fighting
  9717 | D:11     | Reached skill level 10 in Shields
  9730 | D:11     | Noticed a soul eater
  9732 | D:11     | Reached skill level 10 in Maces & Flails
  9776 | D:11     | Noticed Harold
  9801 | D:11     | Killed Harold
  9838 | D:11     | Received a gift from Okawaru
  9839 | D:11     | Got an ichor-stained great sword {god gift}
  9853 | D:11     | Gained mutation: Your body is slowly deteriorating. [mutagenic meat]
  9861 | D:11     | Identified the +8 great sword of True Grit {antimagic, +Fly MP-9 Str+6 Stlth+} (Okawaru gifted it to you on level 11 of the Dungeon)
  9922 | D:11     | Noticed a hill giant
  9941 | D:11     | Killed a hill giant
  9964 | D:11     | Killed an unseen horror
 10292 | D:11     | Reached skill level 5 in Invocations
 10444 | D:12     | Reached XP level 12. HP: 97/97 MP: 15/15
 10562 | D:12     | Reached skill level 11 in Armour
 10567 | D:12     | Found Jiogh's Weapon Boutique.
 11096 | D:12     | Received a gift from Okawaru
 11097 | D:12     | Got an encrusted arbalest {god gift}
 11204 | D:12     | Noticed a five-headed hydra
 11211 | D:12     | Killed a five-headed hydra
 11299 | D:12     | Found a sacrificial altar of Ru.
 11484 | D:12     | Noticed Urug
 11497 | D:12     | Killed Urug
 11844 | D:13     | Noticed Nessos
 11860 | D:13     | Killed Nessos
 12026 | D:13     | Found a roughly hewn altar of Beogh.
 12041 | D:13     | Received a gift from Okawaru
 12449 | D:13     | Reached skill level 10 in Dodging
 12494 | D:13     | Got a pair of crude boots {god gift}
 12538 | D:13     | Identified the +0 pair of boots of Haughopt {+Inv Dex+4} (Okawaru gifted it to you on level 13 of the Dungeon)
 12730 | D:13     | Gained mutation: You are partially covered in iridescent scales (AC +4). [potion of mutation]
 12730 | D:13     | Gained mutation: Armour fits poorly on your strangely shaped body. [potion of mutation]
 12730 | D:13     | Gained mutation: Your body is deteriorating. [potion of mutation]
 12784 | D:14     | Noticed a centaur warrior
 12791 | D:14     | Killed a centaur warrior
 12867 | D:14     | Noticed Nergalle
 12892 | D:14     | Killed Nergalle
 13140 | D:14     | Got a jewelled leather armour
 13151 | D:14     | Identified the cursed +1 leather armour of Fun {Regen+} (You found it on level 14 of the Dungeon)
 13182 | D:14     | Reached XP level 13. HP: 85/105 MP: 19/19
 13215 | D:14     | Reached skill level 12 in Fighting
 13433 | D:14     | Found a gate to the Vaults.
 13433 | D:14     | Noticed a vault guard
 13433 | D:14     | Noticed a vault guard
 13433 | D:14     | Noticed a vault guard
 13434 | D:14     | Noticed a vault guard
 13440 | D:14     | Received a gift from Okawaru
 13451 | D:14     | Killed a vault guard
 13499 | D:14     | Killed a vault guard
 13515 | D:13     | Killed a vault guard
 13695 | D:13     | Killed a vault guard
 14170 | D:15     | Entered Level 15 of the Dungeon
 14233 | D:15     | Found a burning altar of Makhleb.
 14243 | D:15     | Found Velaov's General Store.
 14364 | D:15     | Received a gift from Okawaru
 14752 | D:15     | HP: 4/107 [cyan ugly thing (17)]
 14832 | D:15     | HP: 4/107 [fire dragon/blast of flame (7)]
 15805 | D:15     | Received a gift from Okawaru
 15905 | D:15     | Reached skill level 13 in Fighting
 15908 | D:15     | Reached XP level 14. HP: 74/116 MP: 21/21
 15927 | D:15     | Lost mutation: You are frail (-10% HP). [mutagenic meat]
 15928 | D:15     | Gained mutation: You have sharp toenails. [mutagenic meat]
 15930 | D:15     | Gained mutation: You are agile. (Dex +2) [mutagenic meat]
 15931 | D:15     | Gained mutation: You possess an exceptional clarity of mind. [mutagenic meat]
 15932 | D:15     | Gained mutation: Scrolls take you a little longer to read. [mutagenic meat]
 15933 | D:15     | Gained mutation: Your natural rate of healing is unusually fast. [mutagenic meat]
 15935 | D:15     | Lost mutation: Your flesh is heat resistant. [mutagenic meat]
 15938 | D:15     | Gained mutation: You are partially covered in icy blue scales (AC +1). [mutagenic meat]
 15939 | D:15     | Lost mutation: You are resistant to hostile enchantments. [mutagenic meat]
 15940 | D:15     | Gained mutation: You are very agile. (Dex +4) [mutagenic meat]
 16068 | D:15     | Found a staircase to the Depths.
 16162 | D:15     | Found Nycseg's Armour Boutique.
 16277 | D:15     | Received a gift from Okawaru
 16816 | Orc:1    | Entered Level 1 of the Orcish Mines
 16846 | Orc:1    | Noticed Duvessa
 16846 | Orc:1    | Noticed Dowan
 16847 | Orc:1    | Found a flagged portal.
 16852 | Orc:1    | Killed Duvessa
 16854 | Orc:1    | Killed Dowan
 16872 | Bailey   | Entered a bailey
 16975 | Bailey   | Noticed Pr0man's ghost (experienced VSMo)
 16990 | Bailey   | Noticed an orc warlord
 16995 | Bailey   | Killed Pr0man's ghost
 17023 | Bailey   | Killed an orc warlord
 17382 | Orc:1    | Noticed Eustachio
 17401 | Orc:1    | Killed Eustachio
 17594 | Orc:1    | Found a glowing golden altar of the Shining One.
 18679 | Orc:4    | Entered Level 4 of the Orcish Mines
 18739 | Orc:4    | Noticed an orc warlord
 18767 | Orc:4    | Killed an orc warlord
 19107 | Orc:4    | Found a staircase to the Elven Halls.
 19244 | Orc:4    | Killed from afar by an orc high priest

Action                   |  1- 3 |  4- 6 |  7- 9 | 10-12 | 13-15 || total
-------------------------+-------+-------+-------+-------+-------++-------
Melee: Flail             |    78 |   144 |   219 |       |       ||   441
       Hammer            |       |       |   206 |   745 |   983 ||  1934
Invok: Finesse           |       |       |       |     1 |       ||     1
       Heroism           |       |       |       |       |     4 ||     4
  Use: Scroll            |       |       |    24 |     9 |     4 ||    37
       Potion            |       |       |       |     2 |     3 ||     5
  Eat: Pizza             |       |     1 |     1 |       |       ||     2
       Beef jerky        |       |     2 |     1 |     2 |       ||     5
       Bread ration      |       |     1 |     1 |       |     3 ||     5
       Chunk             |       |       |     5 |     1 |    18 ||    24
       Fruit             |       |       |     2 |    17 |    16 ||    35
       Royal jelly       |       |       |     1 |     1 |       ||     2
